 Dungeon Crawl Stone Soup version 0.16.2-12-gd0ad4c3 (webtiles) character file.

23 faibistes the Cudgeler (level 2, 0/29 HPs)
             Began as an Ogre Warper on Dec 7, 2017.
             Succumbed to an adder's poison
             ... on level 3 of the Dungeon.
             The game lasted 00:03:15 (983 turns).

faibistes the Cudgeler (Ogre Warper)                 Turns: 983, Time: 00:03:16

Health: 0/29       AC:  3    Str: 15    XL:     2   Next: 95%
Magic:  3/5        EV: 10    Int: 12    God:
Gold:   46         SH:  0    Dex:  9    Spells: 2 memorised, 3 levels left

rFire  . . .     SeeInvis .     a - +0 mace
rCold  . . .     Clarity  .     b - +0 robe
rNeg   . . .     SustAb   .     (shield restricted)
rPois  .         Gourm    .     (helmet restricted)
rElec  .         Spirit   .     (no cloak)
rCorr  .         Warding  .     (gloves unavailable)
rMut   .         Stasis   .     (boots unavailable)
MR     .....                    (no amulet)
Stlth  +.........               (no ring)
                                (no ring)

@: lethally poisoned (0 -> -18), shrouded, not resistant to hostile
enchantments, very unstealthy
A: unfitting armour, high mp 1, tough skin 1
a: no special abilities


You were on level 3 of the Dungeon.
You were not hungry.

You visited 1 branch of the dungeon, and saw 3 of its levels.

You collected 46 gold pieces.

Inventory:

Hand weapons
 a - a +0 mace (weapon)
Missiles
 e - 5 tomahawks of dispersal (quivered)
 j - 3 tomahawks
Armour
 b - a +0 robe (worn)
Jewellery
 i - an uncursed amulet of stasis
Scrolls
 d - a scroll of blinking
 l - a scroll of magic mapping {unknown}
Potions
 h - a potion of magic
 k - a potion of restore abilities
Books
 c - a book of Spatial Translocations

   Spells                             Type                      Level
   a - Apportation                    Translocation                1
   b - Blink                          Translocation                2
   c - Shroud of Golubria             Charms/Translocation         2
   d - Portal Projectile              Translocation                3
   e - Teleport Other                 Translocation                3
   f - Passage of Golubria            Translocation                4
Comestibles
 f - 2 meat rations
 g - 2 chunks of flesh


   Skills:
 + Level 2.8 Fighting
 * Level 3.0 Maces & Flails
 * Level 1.8 Throwing
 + Level 1.0 Armour
 - Level 1.7 Dodging
 * Level 2.6 Spellcasting
 * Level 2.4 Translocations


You had 3 spell levels left.
You knew the following spells:

 Your Spells              Type           Power        Failure   Level  Hunger
a - Apportation           Tloc           #.........   12%         1    #......
b - Shroud of Golubria    Chrm/Tloc      #.........   28%         2    ###....


Dungeon Overview and Level Annotations

Branches:
Dungeon (3/15)

Altars:
Qazlal


Innate Abilities, Weirdness & Mutations

You are too large for most types of armour.
You have tough skin (AC +1).
You have an increased reservoir of magic (+10% MP).


Message History

You are lethally poisoned!
The adder poisons you!
You miss the adder.
The adder is severely wounded.
* * * LOW HITPOINT WARNING * * *
You feel sick. The adder bites you.
* * * LOW HITPOINT WARNING * * *
You are more poisoned.
The adder poisons you!
You barely miss the adder.
The adder is severely wounded.
* * * LOW HITPOINT WARNING * * *
You feel sick. The adder completely misses you.
The adder bites you but does no damage.
Drink which item? (? for menu, Esc to quit)
Okay, then.
Cast which spell? (? or * to list) Space distorts slightly along a thin shroud covering your body.
The kobold shouts!
You die...

### ..
#.### #
#..... .#
#..##.###.#
#K##....#
#.<###<.#
#@#...#.#
#S#####.#
#.# .# ..#
.. ... .#
.... ..
.... _[
#...## .
.##


You could see an adder and a kobold.

Vanquished Creatures
  An adder (D:2)
  2 giant cockroaches (D:1)
  2 goblins (D:1)
  A hobgoblin (D:1)
  5 bats
  2 giant newts (D:1)
  2 kobolds (D:1)
  A rat (D:1)
16 creatures vanquished.

Notes
Turn   | Place    | Note
--------------------------------------------------------------
     0 | D:1      | faibistes, the Ogre Warper, began the quest for the Orb.
     0 | D:1      | Reached XP level 1. HP: 22/22 MP: 3/3
   449 | D:1      | Reached XP level 2. HP: 29/29 MP: 5/5
   456 | D:1      | Learned a level 2 spell: Shroud of Golubria
   830 | D:1      | Gained mutation: You have an increased reservoir of magic (+10% MP). [potion of beneficial mutation]
   844 | D:2      | Reached skill level 3 in Maces & Flails
   844 | D:2      | Reached skill level 1 in Armour
   957 | D:3      | Found a stormy altar of Qazlal.
   983 | D:3      | Succumbed to an adder's poison

Action                   || total
-------------------------++-------
Melee: Mace              ||    67
 Cast: Shroud of Golubri ||     1
  Use: Scroll            ||     3
       Potion            ||     1
